 Dungeon Crawl Stone Soup version 0.31.0-11-ge490571c62 (webtiles) character file.

Game seed: 1494634718577221316

6778 Bobbunny the Fighter (level 11, -3/93 HPs)
             Began as a Formicid Fighter on Jan 26, 2024.
             Was an Elder of Okawaru.
             Slain by an ogre
             ... wielding a +0 giant spiked club
             ... led by Lodul
              (20 damage)
             ... on level 10 of the Dungeon.
             The game lasted 00:10:43 (9535 turns).

Bobbunny the Fighter (Formicid Fighter)             Turns: 9535, Time: 00:10:44

Health: -3/93      AC:  2    Str: 25    XL:     11   Next: 25%
Magic:  13/14      EV: 13    Int:  8    God:    Okawaru [****..]
Gold:   220        SH: 11    Dex: 13    Spells: 10/10 levels left

rFire   + . .        C - +3 war axe
rCold   + . .        c - +0 buckler
rNeg    . . .        p - +1 swamp dragon scales
rPois   +            (helmet unavailable)
rElec   .            r - scarf {rC+ rF+}
rCorr   .            (no gloves)
SInv    +            (no boots)
Will    +....        v - amulet of reflection
Stlth   +++          (no ring)
HPRegen 0.35/turn    (no ring)
MPRegen 0.14/turn

%: reflection
@: heroic, corroded
A: permanent stasis, dig shafts and tunnels, antennae 3, four strong arms
a: Dig, Shaft Self, Renounce Religion, Heroism, Finesse


You were on level 10 of the Dungeon.
You worshipped Okawaru.
Okawaru was greatly pleased with you.
You visited 2 branches of the dungeon, and saw 11 of its levels.

You collected 563 gold pieces.
You spent 343 gold pieces at shops.

Inventory:

Hand Weapons
 t - a +1 vampiric hand axe
 C - a +3 war axe (weapon)
Missiles
 e - 13 boomerangs (quivered)
 f - 12 poisoned darts
 g - 4 javelins
 k - 4 atropa-tipped darts
 E - a throwing net
Armour
 c - a +0 buckler (worn)
 p - +1 swamp dragon scales (worn)
 r - a scarf of resistance (worn)
Jewellery
 v - an amulet of reflection (around neck)
 A - a ring of ice
Wands
 s - a wand of digging (2)
 H - a wand of acid (7)
Scrolls
 a - 2 scrolls of revelation {unknown}
 b - a scroll of enchant weapon
 d - a scroll of immolation
 m - a scroll of silence
 o - a scroll of noise {unknown}
 q - a scroll of fog
 w - a scroll of fear
 x - a scroll of vulnerability
 y - a scroll of poison
 z - a scroll of identify
 F - a scroll of torment
 I - a scroll of amnesia
Potions
 h - 6 potions of curing
 i - a potion of mutation {unknown}
 j - a potion of heal wounds
 l - 2 potions of degeneration {unknown}
 n - a potion of magic {unknown}
 u - 6 potions of attraction {unknown}
 B - 2 potions of invisibility {unknown}
 D - a potion of enlightenment {unknown}
 G - 2 potions of cancellation {unknown}


   Skills:
 + Level 11.4(16.4) Fighting
 + Level 10.2(15.2) Axes
 - Level 6.0(11.0) Throwing
 + Level 4.3(9.3) Armour
 + Level 1.8(6.8) Dodging
 - Level 3.0(8.0) Stealth
 - Level 5.0(10.0) Shields
 + Level 4.0 Invocations


You had 10 spell levels left.
You didn't know any spells.
Your spell library contained the following spells:

 Spells                   Type           Power      Damage    Failure   Level
 Sandblast                Erth           0%         2d4       56%         1
 Lesser Beckoning         Tloc           0%         N/A       71%         2
 Momentum Strike          Conj/Tloc      0%         3d8       71%         2
 Passwall                 Erth           0%         N/A       91%         3
 Stone Arrow              Conj/Erth      0%         3d7       91%         3
 Brom's Barrelling Bould  Conj/Erth      0%         2d3       100%        4
 Blink                    Tloc           Unusable   N/A       N/A         2

Dungeon Overview and Level Annotations

Branches:
Dungeon (10/15)            Temple (1/1) D:4            Lair (0/5) D:10
    Orc: D:9-12

Altars:
Ashenzari
Cheibriados
Dithmenos
Elyvilon
Fedhas
Gozag
Hepliaklqana
Kikubaaqudgha
Makhleb
Nemelex Xobeh
Okawaru
Qazlal
Ru
Sif Muna
Trog
Uskayaw
Vehumet
Wu Jian
Xom
Yredelemnul
Zin
The Shining One

Shops:
D:4 *   D:8 [:

Annotations:
D:9 2 transporters, stipulation's ghost, journeyman VSNe
D:10 Lodul


Innate Abilities, Weirdness & Mutations

You cannot be hasted, slowed, berserked, paralysed or teleported.
You can dig through walls and to a lower floor.
You have a pair of large antennae on your head. (SInv)
Your four strong arms can wield two-handed weapons with a shield.


Message History

You slash the ogre!
Lodul zaps a wand.
The bolt of acid misses you.
You slice Lodul!!
Lodul is heavily wounded.
You slash the ogre! The ogre barely misses you.
You hit Lodul.
Lodul is heavily wounded.
You slash the ogre! You slash the wraith! You slash the ogre! You hit Lodul.
Lodul is heavily wounded.
You slice the wraith!! You slash the ogre!
You kill the ogre!
Okawaru accepts your kill.
You completely miss the ogre. Lodul barely misses you. The ogre misses you.
The wraith hits you but does no damage.
You slash Lodul!
Lodul is severely wounded.
You barely miss the ogre. You hit the wraith.
You destroy the wraith!
Okawaru accepts your kill.
You hit the ogre.
The ogre hits you with a +0 giant spiked club!!
* * * LOW HITPOINT WARNING * * *
Base training target 5.0 for Shields reached!
Your base Shields skill increases to level 5!
Your Invocations skill increases to level 4!
You barely miss Lodul.
Lodul is severely wounded.
You slash the ogre! x2
You kill the ogre!
Okawaru accepts your kill.
Lodul zaps a wand.
The bolt of acid hits you.
* * * LOW HITPOINT WARNING * * *
You feel much better.
Lodul zaps a wand.
The bolt of acid hits you!!
* * * LOW HITPOINT WARNING * * *
The acid corrodes you! The ogre completely misses you.
You feel much better.
Lodul zaps a wand.
The bolt of acid hits you!
* * * LOW HITPOINT WARNING * * *
The acid corrodes you!
The ogre hits you with a +0 giant spiked club!!
You die...

#..##..........#
#..##..........# ..(.
#..##..........# ....
#..##..........# .)...
#<.............# ,...[.
##..............# ......
...###..........##......
##.# #..........O)......
#.# #.......##.@O......
#.# #.......##..)......
#.# #.......##..$......
#.# #.......##.........
#.# #.......##.........
#.# ....... #.........
#......### #......#


You could see Lodul and an ogre.

Vanquished Creatures
  Pikel (D:6)
  A gargoyle (D:10)
  Jeremiah (D:6)
  Maggie (D:8)
  Psyche (D:8)
  A troll (D:10)
  A hornet (D:10)
  Prince Ribbit (D:7)
  Grinder (D:5)
  A wyvern (D:9)
  2 wraiths
  A shadow (D:8)
  3 steam dragons
  An acid dragon (D:10)
  A water moccasin (D:6)
  3 ice beasts
  2 orc warriors
  9 ogres
  3 centaurs
  2 lemures (D:6)
  Blork the orc (D:5)
  3 bullfrogs
  A gnoll sergeant (D:9)
  2 scorpions
  9 wights
  3 howler monkeys (D:8)
  A bombardier beetle (D:5)
  A hound (D:5)
  4 orc priests
  3 jellies
  A sleepcap (D:6)
  3 iguanas
  7 orc wizards
  13 gnolls
  3 adders (D:3)
  2 shadow imps
  3 white imps
  8 ufetubi
  4 dart slugs
  A ribbon worm (D:4)
  33 orcs
  8 endoplasms
  4 giant cockroaches
  5 goblins
  5 hobgoblins
  4 jackals (D:3)
  6 kobolds
  2 quokkas (D:5)
  9 ball pythons
  9 bats
  4 frilled lizards
  6 rats
205 creatures vanquished.

Notes
Turn   | Place    | Note
-------+----------+-------------------------------------------
     0 | D:1      | Bobbunny the Formicid Fighter began the quest for the Orb.
     0 | D:1      | Reached XP level 1. HP: 18/18 MP: 1/1
    44 | D:1      | Reached skill level 1 in Stealth
   102 | D:1      | Reached XP level 2. HP: 24/24 MP: 2/2
   316 | D:1      | Reached XP level 3. HP: 30/30 MP: 3/3
   371 | D:1      | Found a faded altar of an unknown god.
   770 | D:2      | Found a sacrificial altar of Ru.
  1362 | D:3      | Reached skill level 4 in Fighting
  1363 | D:3      | Reached XP level 4. HP: 34/37 MP: 4/4
  1797 | D:3      | Reached XP level 5. HP: 35/43 MP: 5/5
  2409 | D:4      | Found a staircase to the Ecumenical Temple.
  2417 | D:4      | Reached skill level 5 in Fighting
  2417 | D:4      | Reached XP level 6. HP: 48/51 MP: 6/6
  2460 | Temple   | Entered the Ecumenical Temple
  2836 | D:4      | Found Qaxy's General Store.
  2841 | D:4      | Bought a potion of curing for 39 gold pieces
  2841 | D:4      | Bought a scroll of vulnerability for 52 gold pieces
  2861 | D:4      | Reached XP level 7. HP: 36/57 MP: 7/7
  3139 | D:5      | Entered Level 5 of the Dungeon
  3139 | D:5      | Noticed Grinder
  3144 | D:5      | Killed Grinder
  3145 | D:5      | Reached skill level 6 in Fighting
  3145 | D:5      | Reached skill level 5 in Axes
  3169 | D:5      | Found an iron altar of Okawaru.
  3179 | D:5      | Became a worshipper of Warmaster Okawaru
  3244 | D:5      | Reached XP level 8. HP: 16/65 MP: 8/8
  3244 | D:5      | Noticed Blork the orc
  3248 | D:5      | Reached skill level 7 in Fighting
  3254 | D:5      | Killed Blork the orc
  3547 | D:5      | Reached * piety under Okawaru
  3745 | D:5      | Reached skill level 8 in Fighting
  4135 | D:6      | Noticed Jeremiah
  4148 | D:6      | Killed Jeremiah
  4149 | D:6      | Reached skill level 1 in Throwing
  4149 | D:6      | Reached XP level 9. HP: 49/75 MP: 8/10
  4632 | D:6      | Noticed Pikel
  4673 | D:6      | Killed Pikel
  4673 | D:6      | Reached ** piety under Okawaru
  4674 | D:6      | Reached skill level 9 in Fighting
  6310 | D:7      | Noticed Prince Ribbit
  6344 | D:7      | Killed Prince Ribbit
  6345 | D:7      | Reached XP level 10. HP: 60/84 MP: 12/12
  7168 | D:8      | Reached *** piety under Okawaru
  7183 | D:8      | Reached skill level 5 in Throwing
  7195 | D:8      | Reached skill level 10 in Fighting
  7198 | D:8      | Noticed Psyche
  7245 | D:8      | Found Wecua's Armour Shoppe.
  7249 | D:8      | Bought a +3 leather armour of poison resistance for 252
                  | gold pieces
  7312 | D:8      | Found a bloodstained altar of Trog.
  7335 | D:8      | Noticed Maggie
  7355 | D:8      | Killed Maggie
  7549 | D:8      | Found Ocyttona's Book Boutique.
  7553 | D:8      | Killed Psyche
  7553 | D:8      | Reached **** piety under Okawaru
  7943 | D:8      | Found a broken altar of Ashenzari.
  8611 | D:9      | Reached skill level 11 in Fighting
  8984 | D:9      | Noticed stipulation's ghost (journeyman VSNe)
  8985 | D:9      | Found a transporter.
  8986 | D:9      | Noticed a two-headed ogre
  8986 | D:9      | Noticed a two-headed ogre
  8987 | D:9      | Identified the +6 giant club of Vuil {flame, rCorr}
  8987 | D:9      | Identified the +9 dire flail "Umets" {heavy, Str+5 Dex-5}
  8987 | D:9      | Noticed a two-headed ogre
  9093 | D:9      | Found a transporter.
  9143 | D:10     | Entered Level 10 of the Dungeon
  9187 | D:10     | Reached skill level 10 in Axes
  9243 | D:10     | Found a white marble altar of Elyvilon.
  9251 | D:10     | Noticed a gargoyle
  9255 | D:10     | Killed a gargoyle
  9256 | D:10     | Reached XP level 11. HP: 91/93 MP: 10/13
  9258 | D:10     | Reached skill level 1 in Dodging
  9344 | D:10     | Found a staircase to the Lair.
  9514 | D:10     | Noticed Lodul
  9533 | D:10     | Reached skill level 5 in Shields
  9535 | D:10     | Slain by an ogre

Illustrated notes

Levels and vault maps discovered:
D:1:      dpeg_arrival_erosion, layout_basic,
          shapermc_ecumenical_altar_notcrosses, nicolae_kite_square_tiling_tiny,
          wander_ebering_terrifying_dragon_lair
D:2:      layout_basic, basic_altar
D:3:      layout_basic, st_stairs_12
D:4:      layout_loops_ring, minmay_temple_entry_junction_2, serial_shops, shop
D:5:      layout_rooms, lemuel_round_altar, minmay_misc_feat_tower,
          uniq_grinder, uniq_blork_the_orc
D:6:      layout_loops_corners, uniq_pikel, uniq_jeremiah
D:7:      layout_layer_cave, chequers_jeans, uniq_prince_ribbit1
D:8:      layout_loops_ring, mainiacjoe_overflow_alcove_2,
          mainiacjoe_overflow_alcove_1, serial_shops, shop,
          nicolae_shop_tiny_statue_garden, uniq_maggie, uniq_psyche
D:9:      layout_loops_ring, gammafunk_ghost_smash, serial_glass,
          glass_columns_b, glass_columns_a
D:10:     layout_long_grid, old_standard_altar, lair_entry_dummy, uniq_lodul
Temple:   dpeg_five_rooms_temple

Skill      XL: |  1  2  3  4  5  6  7  8  9 10 11 |
---------------+----------------------------------+-----
Stealth        | 1 2 3 |  3.0
Fighting       | 4 5 6 8 9 11 | 11.4
Axes           | 3 4 5 7 8 10 | 10.2
Throwing       | 1 4 6 |  6.0
Invocations    | 2 3 4 |  4.0
Dodging        | 1 |  1.8
Armour         | 4 |  4.3
Shields        | 5 |  5.0

Action                     |  1- 3 |  4- 6 |  7- 9 | 10-12 || total
---------------------------+-------+-------+-------+-------++-------
  Melee: War axe           |    73 |    71 |       |    62 ||   206
         Hand axe          |       |   130 |   313 |   128 ||   571
  Throw: Javelin           |       |       |     8 |     6 ||    14
         Dart              |       |       |     8 |     2 ||    10
         Boomerang         |       |       |     7 |    13 ||    20
 Invoke: Heroism           |       |       |       |     2 ||     2
  Evoke: Wand              |       |       |     5 |       ||     5
    Use: Potion            |       |       |     1 |     2 ||     3
         Scroll            |       |       |     5 |     6 ||    11
 Armour: Scale mail        |    50 |    18 |       |       ||    68
         Chain mail        |       |    99 |   156 |       ||   255
         Plate armour      |       |       |    26 |    53 ||    79
         Swamp dragon scal |       |       |       |    64 ||    64
         Leather armour    |       |       |       |     2 ||     2
  Dodge: Dodged            |    33 |    80 |    89 |    61 ||   263
  Block: Buckler           |    28 |    52 |   123 |    99 ||   302
         Reflection        |       |       |     3 |     6 ||     9
